 Dungeon Crawl Stone Soup version 0.23.2 (webtiles) character file.

Game seed: 15692018815577433128

49 Kobolds4U the Conjurer (level 3, -2/19 HPs)
             Began as a Deep Elf Conjurer on Apr 10, 2019.
             Slain by a gnoll
             ... wielding a +0 halberd
              (13 damage)
             ... on level 2 of the Dungeon.
             The game lasted 00:02:52 (1310 turns).

Kobolds4U the Conjurer (Deep Elf Conjurer)          Turns: 1310, Time: 00:02:52

Health: -2/19      AC:  2    Str:  6    XL:     3   Next: 53%
Magic:  0/10       EV: 13    Int: 19    God:
Gold:   73         SH:  0    Dex: 15    Spells: 7/10 levels left

rFire    . . .     SeeInvis .   e - +3 dagger
rCold    . . .     Gourm    .   (no shield)
rNeg     . . .     Faith    .   a - +0 robe
rPois    .         Spirit   .   (no helmet)
rElec    .         Reflect  .   (no cloak)
rCorr    .         Harm     .   (no gloves)
MR       .....                  (no boots)
Stlth    +++.......             (no amulet)
HPRegen  0.06/turn              (no ring)
MPRegen  0.12/turn              (no ring)

@: no status effects
A: no striking features
a: no special abilities


You were on level 2 of the Dungeon.
You were not hungry.

You visited 1 branch of the dungeon, and saw 2 of its levels.

You collected 73 gold pieces.

Inventory:

Hand Weapons
 e - a +3 dagger (weapon)
Armour
 a - a +0 robe (worn)
Jewellery
 f - an uncursed amulet of the gourmand {unknown}
 h - an uncursed ring of protection from fire {unknown}
Scrolls
 b - a scroll of immolation {unknown}
 d - 3 scrolls of magic mapping {unknown}
 i - a scroll of remove curse {unknown}
 k - 3 scrolls of teleportation {unknown}
Potions
 g - a potion of flight {unknown}
Comestibles
 c - 5 rations
 j - a chunk of flesh


   Skills:
 - Level 2.4 Dodging
 * Level 3.7 Stealth
 + Level 4.0 Spellcasting
 + Level 4.8 Conjurations


You had 7 spell levels left.
You knew the following spells:

 Your Spells              Type           Power        Failure   Level  Hunger
a - Magic Dart            Conj           ###.         1%          1    None
b - Searing Ray           Conj           ###...       2%          2    ##.....

Your spell library contained the following spells:

 Spells                   Type           Power        Failure   Level  Hunger
 Dazzling Spray           Conj/Hex       ##....       16%         3    ###....
 Iskenderun's Mystic Bla  Conj           ###.....     19%         4    ####...
 Force Lance              Conj/Tloc      ##......     45%         4    ####...
 Fulminant Prism          Conj/Hex       ##........   45%         4    ####...


Dungeon Overview and Level Annotations

Branches:
Dungeon (2/15)

Altars:


Message History

Confirm with . or Enter, or press ? or * to list all spells.
You don't have enough magic to cast that spell.
Casting: Magic Dart (safe; 1% risk of failure)
Confirm with . or Enter, or press ? or * to list all spells.
You don't have enough magic to cast that spell.
Casting: Magic Dart (safe; 1% risk of failure)
Confirm with . or Enter, or press ? or * to list all spells.
Aiming: Magic Dart (safe; 1% risk of failure)
Press: ? - help, Shift-Dir - straight line, f/p - gnoll
Aim: a gnoll, wielding a +0 halberd (severely wounded)
The magic dart hits the gnoll.
The gnoll is almost dead.
The gnoll hits you but does no damage. The gnoll closely misses you.
The gnoll hits you with a +0 halberd!
You hit the gnoll but do no damage.
The gnoll is almost dead.
The gnoll hits you with a +0 halberd!
Ouch! That really hurt!
You die...

#.#######.####
#.##..........
#.####.##.###......
#.......#.# #..####
######..#.###..#
##..)......#
####.###<....)....
#.g..# #.....####.
#@##.# #.##..#
#.###...###..# #.#
#.# #..# #.# #.#
#..# #.# # # #...
#.# #.. . #.# #.#
#. #.# #.# .> #.#
#.. #.# #.


You could see a gnoll.

Vanquished Creatures
  2 gnolls (D:2)
  3 dart slugs (D:1)
  4 bats
  2 giant cockroaches (D:2)
  2 goblins (D:1)
  3 hobgoblins
  2 jackals (D:1)
  A frilled lizard (D:2)
  2 kobolds (D:1)
  2 rats (D:1)
23 creatures vanquished.

Notes
Turn   | Place    | Note
-------+----------+-------------------------------------------
     0 | D:1      | Kobolds4U the Deep Elf Conjurer began the quest for the
                  | Orb.
     0 | D:1      | Reached XP level 1. HP: 10/10 MP: 6/6
   232 | D:1      | Reached XP level 2. HP: 7/15 MP: 5/8
   236 | D:1      | Learned a level 2 spell: Searing Ray
  1244 | D:2      | Reached XP level 3. HP: 19/19 MP: 8/10
  1310 | D:2      | Slain by a gnoll

Skill      XL: |  1  2  3 |
---------------+----------+-----
Stealth        | 3 |  3.7
Spellcasting   | 4 |  4.0
Dodging        | |  2.4
Conjurations   | |  4.8

Action                   || total
-------------------------++-------
Melee: Dagger            ||     5
 Cast: Magic Dart        ||    61
  Eat: Chunk             ||     1
Armor: Robe              ||     3
Dodge: Dodged            ||     7
